 Dungeon Crawl Stone Soup version 0.19-a0-1834-g6b7851e (webtiles) character file.

182797 Alarkh the Carver (level 17, -5/125 HPs)
             Began as a Mummy Fire Elementalist on Oct 8, 2016.
             Was the Champion of Okawaru.
             Slain by Nattefrost's ghost (16 damage)
             ... on level 4 of the Snake Pit on Oct 9, 2016.
             The game lasted 02:07:47 (42855 turns).

Alarkh the Carver (Mummy Fire Elementalist)        Turns: 42855, Time: 02:07:47

Health: -5/125     AC: 25    Str: 18    XL:     17   Next: 72%
Magic:  0/32       EV: 20    Int: 20    God:    Okawaru [******]
Gold:   84         SH: 14    Dex: 18    Spells: 6 memorised, 13 levels left

rFire  + . .     SeeInvis +     a - +6 double sword (elec)
rCold  . . .     Gourm    .     d - +3 fire dragon armour
rNeg   + + +     Faith    +     B - +0 shield of Cink {rElec Int+2}
rPois  ∞         Spirit   .     E - +2 hat {Int+3}
rElec  +         Dismiss  .     P - +2 cloak
rCorr  .         Reflect  .     R - +1 pair of gloves of the Will of the Gods {Str+6 Int-5 Slay+5 SInv}
MR     ++...     Harm     .     x - +0 pair of boots {Stlth+}
Stlth  +++.......               r - amulet of faith
                                v - +2 ring of evasion
                                j - +5 ring of dexterity

@: heroism, very slightly contaminated, hasted, very quick
A: no food or potions, fire vulnerability, cold resistance 1, negative energy
resistance 3, torment resistance, unbreathing, in touch with death 1
a: Heroism, Finesse, Renounce Religion


You were on level 4 of the Snake Pit.
You worshipped Okawaru.
Okawaru was exalted by your worship.
You were not hungry.

You visited 5 branches of the dungeon, and saw 28 of its levels.
You visited 1 bazaar.
You also visited: Labyrinth, Sewer and Ice Cave.

You collected 3429 gold pieces.
You spent 3345 gold pieces at shops.

Inventory:

Hand Weapons
 a - a +6 double sword of electrocution (weapon)
 b - the +5 scimitar "Foewedghi" {flame, *Corrode Str+3 Dex+3}
   (You found it in an ice cave)

   It has been specially enchanted to burn those struck by it, causing extra
   injury to most foes and up to half again as much damage against particularly
   susceptible opponents.
   Big, fiery blades are also staple armaments of hydra-hunters.
   It affects your strength (+3).
   It affects your dexterity (+3).
   It may corrode you when you take damage.
 i - a +2 triple sword of flaming
 F - the +6 shillelagh "Devastator" {shatter}
   (You bought it in a shop in a bazaar)
 K - a +2 scimitar of venom
Missiles
 C - 3 throwing nets (quivered)
Armour
 d - a +3 fire dragon armour (worn)
 n - the +2 hat of the High Council {Archmagi, Wiz- Stlth-}
   (You found it on level 4 of the Snake Pit)

   It makes you less stealthy.
 t - a +4 troll leather armour
 x - a +0 pair of boots of stealth (worn)
 B - the +0 shield of Cink (worn) {rElec Int+2}
   (Okawaru gifted it to you on level 2 of the Lair of Beasts)

   It affects your intelligence (+2).
   It insulates you from electricity.
 E - a +2 hat of intelligence (worn)
 M - a +1 hat of intelligence
 O - a +0 pair of gloves of dexterity
 P - a +2 cloak (worn)
 Q - a +2 ring mail of fire resistance
 R - the +1 pair of gloves of the Will of the Gods (worn) {Str+6 Int-5 Slay+5 SInv}
   (You found it in a labyrinth)

   It affects your strength (+6).
   It affects your intelligence (-5).
   It affects your accuracy and damage with ranged weapons and melee attacks
   (+5).
   It lets you see invisible.
Magical Staves
 z - an uncursed staff of summoning
 G - an uncursed staff of energy
Rods
 w - a +0 rod of ignition (2/14)
   (You found it on level 8 of the Dungeon)
Jewellery
 f - an uncursed ring of flight
 j - a +5 ring of dexterity (left hand)
 r - an amulet of faith (around neck)
 v - a +2 ring of evasion (right hand)
 A - the ring of Kyciq {rCorr -Tele rN++ Dex+9 SInv}
   (You acquired it on level 3 of the Snake Pit)

   [ring of resist corrosion]

   It affects your dexterity (+9).
   It greatly protects you from negative energy.
   It lets you see invisible.
   It prevents most forms of teleportation.
 D - a +4 amulet of reflection {unknown}
 L - an uncursed ring of protection from cold
Wands
 c - a wand of teleportation (3/9)
 u - a wand of disintegration (0/24)
 y - a wand of hasting (0/9)
 H - a wand of iceblast (6/15)
 N - a wand of paralysis (11/24)
 U - a wand of polymorph (11/24)
Scrolls
 e - a scroll of identify
 g - 2 scrolls of torment
 k - 15 scrolls of remove curse
 l - 3 scrolls of summoning
 m - a scroll of brand weapon {unknown}
 o - 6 scrolls of magic mapping
 p - 2 scrolls of recharging
 q - 2 scrolls of fog
 I - 4 scrolls of enchant weapon {unknown}
 J - 5 scrolls of immolation
 S - a scroll of teleportation
 T - a scroll of vulnerability {unknown}
Books
 s - a book of Battle

   Spells                             Type                      Level
   a - Infusion                       Charms                       1
   b - Shroud of Golubria             Charms/Translocation         2
   c - Song of Slaying                Charms                       2
   d - Spectral Weapon                Hexes/Charms                 3
   e - Regeneration                   Charms/Necromancy            3
Miscellaneous
 h - a phial of floods (inert)


   Skills:
 + Level 9.0(14.0) Fighting
 * Level 13.5(18.5) Long Blades
 + Level 7.5(12.5) Armour
 + Level 7.7(12.7) Dodging
 - Level 1.5(6.5) Stealth
 + Level 9.3(14.3) Shields
 + Level 11.4 Spellcasting
 + Level 10.2 Conjurations
 + Level 3.0 Charms
 + Level 10.9 Fire Magic
 + Level 4.2 Earth Magic


You had 13 spell levels left.
You knew the following spells:

 Your Spells              Type           Power        Failure   Level  Hunger
a - Fireball              Conj/Fire      ######....   10%         5    N/A
b - Iskenderun's Mystic   Conj           ######..     2%          4    N/A
c - Conjure Flame         Conj/Fire      ######..     1%          3    N/A
d - Iron Shot             Conj/Erth      #####.....   98%         6    N/A
e - Spectral Weapon       Hex/Chrm       ###.....     34%         3    N/A
r - Sticky Flame          Conj/Fire      ######..     2%          4    N/A

Dungeon Overview and Level Annotations

Branches:
Dungeon (15/15)            Temple (1/1) D:6            Lair (6/6) D:8
 Shoals (0/4) Lair:2        Snake (4/4) Lair:3        Slime (0/5) Lair:5
    Orc (2/2) D:12            Elf (0/3) Orc:2        Vaults (0/5) D:14
 Depths (0/5) D:15

Altars:
Ashenzari
Cheibriados
Dithmenos
Elyvilon
Fedhas
Gozag
Hepliaklqana
Kikubaaqudgha
Makhleb
Nemelex Xobeh
Okawaru
Qazlal
Ru
Sif Muna
Trog
Uskayaw
Vehumet
Xom
Yredelemnul
Zin
The Shining One
Beogh
Jiyva

Shops:
D:4 [*}   D:7 [   D:8 %   D:10 !   D:15 (   Orc:2 [!((

Annotations:
Snake:4 Nattefrost's ghost, adept OgBe


Innate Abilities, Weirdness & Mutations

You do not eat or drink.
Your flesh is vulnerable to fire.
You are immune to poison.
Your flesh is cold resistant. (rC+)
You are immune to negative energy. (rN+++)
You are immune to unholy pain and torment.
You can survive without breathing.
You are in touch with the powers of death.


Message History

Okay, then.
Nattefrost's ghost hits you!
* * * LOW HITPOINT WARNING * * *
x2 No other missiles available.
Use F to throw any item.
Unknown command.
You hear the crackle of electricity.
a - a +6 double sword of electrocution (weapon)
Nattefrost's ghost closely misses you.
Zapping:
y - a wand of hasting (1/9)
Press: ? - help, Shift-Dir - straight line, f - you You feel yourself speed up.
You are very lightly contaminated with residual magic.
This wand has 0 charges left.
Nattefrost's ghost is engulfed in roaring flames.
Nattefrost's ghost hits you but does no damage.
You gain the combat prowess of a mighty hero.
You hit Nattefrost's ghost but do no damage.
Nattefrost's ghost is almost destroyed.
Nattefrost's ghost hits you!
You die...

..<[§.§.§..##################....
..#####≈.§##......##........#....
###.##§§≈§#.................##...
..§.§§)∩§§#....≈.............#...
...§.§§§§.#...≈≈≈.......[....#...
.....§.§#§#....≈≈............#...
######§.#.'...#§######.......#...
# +#.#.#..##W#.#..##.....##... #
#....(.#..@.....#......#... #
#....(.#.......##......#...
#.._...##.......#......#...
#....(..#...#...#......#...
#....(..###'#####..#...#...
#..(.(##################(..
########.........................
.................................
.......(...[....########.........


You could see Nattefrost's ghost.

Vanquished Creatures
  An Ice Fiend (IceCv)
  Kirke (Snake:2)
  Frances (D:13)
  9 nagarajas
  A ghost moth (shapeshifter) (D:15)
  2 orc warlords (Orc:1)
  Snorg (Lair:4)
  The ghost of barakagiga the Covert, a journeyman VSAs of Cheibriados (Lair:6)
  A minotaur (Lab)
  An ettin (D:14)
  11 hydras
  20 naga warriors
  2 rakshasas (D:15)
  11 anacondas
  2 catoblepae
  2 centaur warriors
  7 death yaks
  The ghost of Razmath the Carver, a novice DsGl of Uskayaw (Orc:2)
  Urug (D:12)
  7 naga sharpshooters
  10 shock serpents
  4 skeletal warriors (D:12)
  5 salamander mystics
  A glowing orange brain (D:15)
  An unseen horror (D:14)
  3 lindwurms (Snake:4)
  14 mana vipers
  4 orc knights
  7 naga ritualists
  A phantasmal warrior (D:14)
  8 hill giants
  4 orc sorcerers
  3 ugly things
  6 salamanders
  An oklob plant (D:11)
  A deep elf mage (D:12)
  A wolf spider (shapeshifter) (D:15)
  6 cyclopes
  6 elephants
  4 manticores
  Maurice (D:8)
  7 guardian serpents
  25 naga magi
  2 centaur zombies (D:15)
  41 black mambas
  An ice statue (IceCv)
  8 spiny frogs
  A torpor snail (Lair:6)
  A kobold demonologist (D:12)
  3 rime drakes (Lair:6)
  9 komodo dragons
  2 anaconda simulacra (IceCv)
  A freezing wraith (IceCv)
  A golden dragon simulacrum (IceCv)
  A queen bee (D:12)
  4 ice devils (IceCv)
  2 polar bears
  2 minotaur zombies (Lab)
  6 meliai
  A polar bear (shapeshifter) (D:15)
  Prince Ribbit (D:8)
  6 trolls
  6 two-headed ogres
  A hornet (D:15)
  11 slime creatures (D:15)
  15 blink frogs
  7 hippogriffs
  7 dream sheep
  A slime creature (shapeshifter) (D:15)
  2 centaur simulacra
  A vampire (D:13)
  36 yaks
  A wraith (D:13)
  A wyvern (D:15)
  3 dire elephant simulacra (IceCv)
  3 vampire mosquitoes (D:13)
  A steam dragon (D:12)
  4 basilisks
  3 wargs (Orc:1)
  A death yak simulacrum (IceCv)
  4 harpy simulacra (IceCv)
  A mottled dragon (D:15)
  45 nagas
  3 hydra simulacra (IceCv)
  5 porcupines
  4 ice beasts
  23 water moccasins
  A black bear (shapeshifter) (D:15)
  2 sky beasts
  51 orc warriors
  3 phantoms
  5 black bears
  2 alligator simulacra (IceCv)
  An eye of draining (D:13)
  22 ogres
  18 wolves
  2 ettin simulacra (IceCv)
  32 centaurs
  22 crocodiles
  5 big kobolds
  17 bullfrogs
  2 gnoll sergeants
  A wyvern zombie (D:8)
  2 wyvern skeletons
  A scorpion (D:7)
  12 wights
  46 killer bees
  6 howler monkeys
  2 vampire bats (Lair:1)
  3 electric eels
  5 crimson imps
  3 quasits
  3 bullfrog skeletons
  6 jellies
  4 centaur skeletons
  A draconian simulacrum (IceCv)
  13 orc priests
  A gnoll shaman (D:6)
  4 hounds
  17 orc wizards
  Natasha (thrice) (D:3)
  5 iguanas
  Ijyb (D:2)
  2 spriggan simulacra (IceCv)
  11 worker ants
  Terence (D:3)
  2 polar bear simulacra (IceCv)
  5 troll simulacra (IceCv)
  2 wolf simulacra (IceCv)
  A killer bee zombie (D:8)
  A worker ant zombie (D:10)
  16 gnolls
  A howler monkey skeleton (D:6)
  3 ogre simulacra (IceCv)
  19 adders
  8 river rats
  A naga simulacrum (IceCv)
  3 shadow imps
  6 white imps (IceCv)
  8 ufetubi (IceCv)
  9 oozes
  2 adder zombies
  2 adder skeletons
  6 worms
  3 dart slugs
  5 leopard geckos
  106 orcs
  13 ball pythons
  5 giant cockroaches
  12 goblins
  5 hobgoblins
  9 jackals
  5 quokkas
  12 bats
  7 frilled lizards
  21 kobolds
  A leopard gecko skeleton (D:4)
  33 rats
  3 plants
1161 creatures vanquished.

Vanquished Creatures (others)
  A nagaraja (Snake:4)
  An anaconda (Snake:4)
  A naga warrior (Snake:4)
  3 naga sharpshooters (Snake:4)
  A salamander mystic (Snake:4)
  A naga ritualist (Snake:4)
  A black mamba (Snake:4)
  A guardian serpent (Snake:4)
  3 humans (Snake:2)
  2 nagas (Snake:4)
  A worker ant (D:4)
  2 white imps (IceCv)
  An ufetubus (IceCv)
  An orc (Orc:2)
  A bush (Lair:1)
  12 fungi
  13 plants
  6 spectral weapons (Snake:4)
52 creatures vanquished.

Grand Total: 1213 creatures vanquished

Notes
Turn   | Place    | Note
-------+----------+-------------------------------------------
     0 | D:1      | Alarkh the Mummy Fire Elementalist began the quest for the Orb.
     0 | D:1      | Reached XP level 1. HP: 13/13 MP: 3/3
    93 | D:1      | Reached skill level 1 in Conjurations
   182 | D:1      | Reached XP level 2. HP: 19/19 MP: 0/5
   548 | D:1      | Reached XP level 3. HP: 24/24 MP: 4/6
   672 | D:2      | Found a deep blue altar of Sif Muna.
  1033 | D:2      | Noticed Ijyb
  1063 | D:2      | Killed Ijyb
  1143 | D:2      | Reached XP level 4. HP: 17/30 MP: 2/8
  2076 | D:2      | Reached XP level 5. HP: 25/35 MP: 5/9
  2080 | D:2      | Learned a level 2 spell: Throw Flame
  2084 | D:2      | Learned a level 3 spell: Conjure Flame
  2089 | D:2      | Learned a level 4 spell: Sticky Flame
  2371 | D:3      | Found a hazy altar of Hepliaklqana.
  2412 | D:3      | Noticed Terence
  3037 | D:3      | Found an iron altar of Okawaru.
  3041 | D:3      | Became a worshipper of Warmaster Okawaru
  3070 | D:3      | Noticed Natasha
  3083 | D:3      | Killed Natasha
  3107 | D:3      | Noticed Natasha
  3424 | D:4      | Found a glowing drain.
  3454 | Sewer    | Entered a sewer
  3604 | Sewer    | Reached skill level 1 in Shields
  3920 | Sewer    | Reached XP level 6. HP: 25/41 MP: 3/11
  4182 | Sewer    | Reached * piety under Okawaru
  4515 | D:4      | Found Xoj Kiwa's General Store.
  4605 | D:4      | Reached XP level 7. HP: 32/46 MP: 2/13
  4704 | D:4      | Found a stormy altar of Qazlal.
  4744 | D:4      | Found a sacrificial altar of Ru.
  4869 | D:4      | Found Gufedade's Armour Emporium.
  5057 | D:4      | Found Camie's Gadget Boutique.
  5248 | D:5      | Entered Level 5 of the Dungeon
  5486 | D:5      | Reached skill level 1 in Long Blades
  5836 | D:5      | Found a radiant altar of Vehumet.
  5837 | D:5      | Found a shimmering altar of Xom.
  6065 | D:5      | Found a glowing golden altar of the Shining One.
  6153 | D:5      | Found a snail-covered altar of Cheibriados.
  6683 | D:3      | Killed Natasha
  6767 | D:3      | Killed Terence
  6820 | D:3      | Noticed Natasha
  6955 | D:3      | Killed Natasha
  6982 | D:3      | Found a deep blue altar of Sif Muna.
  7054 | D:6      | Reached skill level 2 in Long Blades
  7054 | D:6      | Reached XP level 8. HP: 52/52 MP: 11/15
  7225 | D:4      | Bought a scroll of remove curse for 30 gold pieces
  7225 | D:4      | Bought a scroll of magic mapping for 35 gold pieces
  7315 | D:6      | Reached ** piety under Okawaru
  7625 | D:6      | Reached skill level 5 in Spellcasting
  7693 | D:6      | Found a staircase to the Ecumenical Temple.
  7697 | Temple   | Entered the Ecumenical Temple
  7788 | D:6      | Reached skill level 3 in Long Blades
  8499 | D:6      | Reached skill level 5 in Fire Magic
  9060 | D:7      | Noticed a hippogriff
  9076 | D:7      | Killed a hippogriff
  9076 | D:7      | Reached *** piety under Okawaru
  9086 | D:7      | Reached skill level 4 in Long Blades
  9086 | D:7      | Reached XP level 9. HP: 40/57 MP: 0/17
  9094 | D:7      | Found a hide-covered altar of Uskayaw.
  9568 | D:7      | Found a white marble altar of Elyvilon.
  9748 | D:7      | Found Kofinut's Antique Armour Shop.
  9756 | D:7      | Bought a glowing troll leather armour for 165 gold pieces
  9756 | D:7      | Bought an embroidered cloak for 148 gold pieces
  9981 | D:7      | Reached **** piety under Okawaru
 10202 | D:8      | Found a staircase to the Lair.
 10214 | D:8      | Reached skill level 5 in Long Blades
 10507 | D:8      | Reached skill level 5 in Conjurations
 10582 | D:8      | Reached ***** piety under Okawaru
 10595 | D:8      | Reached skill level 5 in Shields
 10811 | D:8      | Noticed Prince Ribbit
 10823 | D:8      | Killed Prince Ribbit
 10823 | D:8      | Reached XP level 10. HP: 36/63 MP: 11/19
 10998 | D:8      | Reached skill level 6 in Long Blades
 11029 | D:8      | Found Ladatucka's Food Boutique.
 11090 | D:8      | Noticed Maurice
 11106 | D:8      | Killed Maurice
 11179 | D:8      | Received a gift from Okawaru
 11620 | D:8      | Found a roughly hewn altar of Beogh.
 12023 | D:9      | Reached skill level 7 in Long Blades
 12373 | D:9      | Reached ****** piety under Okawaru
 12708 | D:9      | Identified a +0 rod of ignition (14/14) (You found it on level 8 of the Dungeon)
 12778 | Lair:1   | Entered Level 1 of the Lair of Beasts
 12874 | Lair:1   | Received a gift from Okawaru
 12874 | Lair:1   | Reached XP level 11. HP: 68/68 MP: 4/21
 12966 | Lair:1   | Got a transparent plate armour
 12989 | Lair:1   | Identified the +0 plate armour of Noughts and Crosses {rElec} (You found it on level 1 of the Lair of Beasts)
 13468 | Lair:1   | Reached skill level 8 in Long Blades
 14276 | Lair:2   | Found a labyrinth entrance.
 14308 | Lab      | Entered a labyrinth
 14715 | Lab      | Noticed a minotaur
 14727 | Lab      | Killed a minotaur
 14932 | Lab      | Got a pair of spiked gloves
 14945 | Lair:2   | Identified the +1 pair of gloves of the Will of the Gods {Str+6 Int-5 Slay+5 SInv} (You found it in a labyrinth)
 15150 | Lair:2   | Found a staircase to the Shoals.
 15166 | Lair:2   | Received a gift from Okawaru
 15168 | Lair:2   | Got a bloodstained shield {god gift}
 15179 | Lair:2   | Identified the +0 shield of Cink {rElec Int+2} (Okawaru gifted it to you on level 2 of the Lair of Beasts)
 15685 | Lair:1   | Learned a level 5 spell: Fireball
 16007 | Lair:4   | Noticed a four-headed hydra
 16080 | Lair:4   | Killed a four-headed hydra
 16080 | Lair:4   | Reached skill level 1 in Fighting
 16080 | Lair:4   | Reached skill level 9 in Long Blades
 16173 | Lair:4   | Reached skill level 1 in Armour
 16276 | Lair:4   | Reached XP level 12. HP: 41/77 MP: 1/24
 16305 | Lair:4   | Noticed Snorg
 16588 | Lair:4   | Found a hide-covered altar of Uskayaw.
 17134 | Lair:4   | Killed Snorg
 17134 | Lair:4   | Received a gift from Okawaru
 17917 | Lair:5   | Noticed a six-headed hydra
 17985 | Lair:5   | Killed a six-headed hydra
 17985 | Lair:5   | Received a gift from Okawaru
 17988 | Lair:5   | Got a faintly humming ring mail {god gift}
 17999 | Lair:5   | Identified the +3 ring mail of the Tired Orbs {Slay+2} (Okawaru gifted it to you on level 5 of the Lair of Beasts)
 18132 | Lair:5   | Noticed a death yak
 18134 | Lair:5   | Noticed a death yak
 18135 | Lair:5   | Noticed a death yak
 18135 | Lair:5   | Noticed a death yak
 18216 | Lair:4   | Killed a death yak
 18243 | Lair:4   | Killed a death yak
 18448 | Lair:4   | Killed a death yak
 18540 | Lair:4   | Killed a death yak
 18540 | Lair:4   | Reached skill level 10 in Long Blades
 18695 | Lair:5   | Found a staircase to the Slime Pits.
 18696 | Lair:5   | Found a viscous altar of Jiyva.
 19005 | Lair:6   | Entered Level 6 of the Lair of Beasts
 19230 | Lair:6   | Gained mutation: You are in touch with the powers of death. [Mummy growth]
 19230 | Lair:6   | Reached XP level 13. HP: 51/87 MP: 2/25
 19593 | Lair:6   | Noticed barakagiga's ghost (journeyman VSAs)
 19636 | Lair:6   | Killed barakagiga's ghost
 20128 | Lair:6   | Received a gift from Okawaru
 21749 | Lair:3   | Reached skill level 5 in Fighting
 21887 | Lair:3   | Received a gift from Okawaru
 21888 | Lair:3   | Got a pitted long sword {god gift}
 21889 | Lair:3   | Identified the +1 long sword "Piveck" {elec, MR+ Int+2} (Okawaru gifted it to you on level 3 of the Lair of Beasts)
 22121 | Lair:3   | Reached skill level 5 in Dodging
 22205 | Lair:3   | Found a staircase to the Snake Pit.
 22276 | Lair:3   | Reached XP level 14. HP: 92/98 MP: 8/27
 22629 | D:10     | Entered Level 10 of the Dungeon
 22703 | D:10     | Learned a level 4 spell: Iskenderun's Mystic Blast
 22849 | D:10     | Found Azaghoudu's Distillery.
 23181 | D:10     | Found a bloodstained altar of Trog.
 23448 | D:10     | Reached skill level 11 in Long Blades
 23577 | D:11     | Received a gift from Okawaru
 23815 | D:11     | Found a blossoming altar of Fedhas.
 24949 | D:12     | Noticed Urug
 25153 | D:12     | Killed Urug
 25340 | D:12     | Got a smoking diamond amulet
 25348 | D:12     | Identified the amulet "Zygierurghy" {Harm *Drain Int+4} (You found it on level 12 of the Dungeon)
 25533 | D:12     | Reached skill level 5 in Armour
 25555 | D:12     | Found a staircase to the Orcish Mines.
 25869 | Orc:1    | Entered Level 1 of the Orcish Mines
 26355 | Orc:1    | Received a gift from Okawaru
 26368 | Orc:1    | Got a pair of faintly glowing gloves {god gift}
 26420 | Orc:1    | Identified the +1 pair of gloves of Abstinence {Int+2} (Okawaru gifted it to you on level 1 of the Orcish Mines)
 26780 | Orc:2    | Entered Level 2 of the Orcish Mines
 26811 | Orc:2    | Found a staircase to the Elven Halls.
 26819 | Orc:2    | Noticed an orc warlord
 26821 | Orc:2    | Noticed Razmath's ghost (novice DsGl)
 27001 | Orc:2    | Noticed an orc warlord
 27301 | Orc:1    | Killed an orc warlord
 27301 | Orc:1    | Reached skill level 10 in Spellcasting
 27301 | Orc:1    | Was placed under penance by Okawaru
 27805 | Orc:1    | Killed an orc warlord
 27805 | Orc:1    | Was forgiven by Okawaru
 27986 | Orc:2    | Killed Razmath's ghost
 28103 | Orc:2    | Reached XP level 15. HP: 90/106 MP: 6/29
 28602 | Orc:2    | Found Alisaeg's Distillery.
 28602 | Orc:2    | Found Wami's Antique Weapon Shoppe.
 28604 | Orc:2    | Found Utrigo's Weapon Emporium.
 28606 | Orc:2    | Found Sikh's Antique Armour Boutique.
 28816 | Orc:2    | Bought a polished scale mail for 207 gold pieces
 28826 | Orc:2    | Identified the +0 scale mail of Duty {*Slow Dex+3 SInv} (You bought it in a shop on level 2 of the Orcish Mines)
 29151 | D:4      | Bought a wand of teleportation (3/9) for 252 gold pieces
 29624 | D:13     | Found a shattered altar of Ashenzari.
 29740 | D:13     | Reached skill level 12 in Long Blades
 29911 | D:13     | Noticed Frances
 29927 | D:13     | Killed Frances
 30189 | D:14     | Found a roughly hewn altar of Beogh.
 30334 | D:14     | Received a gift from Okawaru
 31124 | D:14     | Found a gate to the Vaults.
 31184 | D:15     | Entered Level 15 of the Dungeon
 31184 | D:15     | Found Xeammaz's Weapon Shop.
 31327 | D:15     | Received a gift from Okawaru
 31329 | D:15     | Got a slimy demon blade {god gift}
 31330 | D:15     | Identified the +2 demon blade of Spite {vamp, Dex+2} (Okawaru gifted it to you on level 15 of the Dungeon)
 31906 | D:15     | Noticed a ghost moth
 31906 | D:15     | a queen ant changed into a ghost moth
 31908 | D:15     | Killed a ghost moth
 31911 | D:15     | Found a staircase to the Depths.
 32776 | Lair:1   | Learned a level 6 spell: Iron Shot
 32829 | D:7      | Bought a fire dragon armour for 1650 gold pieces
 32964 | Snake:1  | Entered Level 1 of the Snake Pit
 32970 | Snake:1  | Received a gift from Okawaru
 32971 | Snake:1  | Got a shimmering falchion {god gift}
 32972 | Snake:1  | Identified the +7 falchion of Triumph {freeze, *Corrode +Inv Str-3 Dex+9} (Okawaru gifted it to you on level 1 of the Snake Pit)
 33413 | Snake:1  | Reached skill level 1 in Earth Magic
 33623 | Snake:1  | Reached skill level 10 in Fire Magic
 33849 | Snake:2  | Received a gift from Okawaru
 33850 | Snake:2  | Got a crude demon whip {god gift}
 33851 | Snake:2  | Identified the +4 demon whip "Urielog" {freeze, rElec rC+++ Str+3 Int-3} (Okawaru gifted it to you on level 2 of the Snake Pit)
 34123 | Snake:2  | Reached XP level 16. HP: 95/115 MP: 11/30
 34136 | Snake:2  | Noticed Kirke
 34273 | Snake:2  | Killed Kirke
 34533 | Snake:2  | Received a gift from Okawaru
 35055 | Snake:3  | Found a frozen archway.
 35059 | IceCv    | Entered an ice cave
 35594 | IceCv    | Noticed an Ice Fiend
 35635 | IceCv    | Killed an Ice Fiend
 35860 | IceCv    | Got an encrusted scimitar
 35861 | IceCv    | Identified the +5 scimitar "Foewedghi" {flame, *Corrode Str+3 Dex+3} (You found it in an ice cave)
 36785 | Snake:3  | Reached skill level 13 in Long Blades
 37049 | Snake:3  | Received a gift from Okawaru
 37050 | Snake:3  | Got a twisted plate armour {god gift}
 37061 | Snake:3  | Identified the +1 plate armour of Byolif {rPois} (Okawaru gifted it to you on level 3 of the Snake Pit)
 37155 | Snake:4  | Entered Level 4 of the Snake Pit
 37172 | Snake:4  | Learned a level 3 spell: Spectral Weapon
 37174 | Snake:4  | Found a flickering gateway to a bazaar.
 37180 | Bazaar   | Entered a bazaar
 37180 | Bazaar   | Found Kifegioz's General Store.
 37180 | Bazaar   | Found Watem's Book Shoppe.
 37180 | Bazaar   | Found Kaluppes's General Store.
 37180 | Bazaar   | Found Niehimm's Weapon Shoppe.
 37182 | Bazaar   | Found Ycaeture's Antique Weapon Shop.
 37182 | Bazaar   | Found Paoxod's Food Emporium.
 37208 | Bazaar   | Bought a scroll of acquirement for 364 gold pieces
 37216 | Bazaar   | Bought the +6 shillelagh "Devastator" {shatter} for 494 gold pieces
 37288 | Snake:3  | Got a clouded tin ring
 37290 | Snake:3  | Identified the ring of Kyciq {rCorr -Tele rN++ Dex+9 SInv} (You acquired it on level 3 of the Snake Pit)
 38006 | Snake:4  | Found a sparkling altar of Nemelex Xobeh.
 38461 | Snake:4  | Reached skill level 1 in Charms
 39252 | Snake:4  | Noticed Nattefrost's ghost (adept OgBe)
 39683 | Snake:4  | Reached XP level 17. HP: 104/124 MP: 32/32
 40004 | Snake:4  | Reached skill level 10 in Conjurations
 40056 | Snake:4  | Received a gift from Okawaru
 40587 | Snake:4  | Received a gift from Okawaru
 40588 | Snake:4  | Got a twisted scimitar {god gift}
 40599 | Snake:4  | Identified the +6 scimitar "Imojeul Tote" {drain, Dex+4 Stlth+} (Okawaru gifted it to you on level 4 of the Snake Pit)
 41270 | Snake:4  | Received a gift from Okawaru
 42797 | Snake:4  | HP: 2/125 [Nattefrost's ghost (8)]
 42855 | Snake:4  | Slain by Nattefrost's ghost

Vault maps used:
D:1:      scummos_arrival_star
D:2:      lemuel_doored_altar, uniq_iyjb
D:3:      marbit_many_paths, old_standard_altar, lemuel_blue_sif_altar,
          uniq_terence, uniq_natasha
D:4:      nicolae_ru_awakened_eye, nicolae_qazlal_eye_of_the_storm,
          lightli_sewer_entry_pipes, first_bread, serial_shops,
          nicolae_shop_statue_plus, shop, shop
D:5:      lemuel_round_altar, gammafunk_temple_overflow_statue, tso_altar
D:6:      cheibrodos_quashed
D:7:      eat_drink_and_be_merry_uskayaw, basic_altar, serial_shops,
          nicolae_shop_temple_entry_statues_fountains
D:8:      minmay_lair_entry_grove, serial_shops, shop_statue, special_room,
          uniq_prince_ribbit1, uniq_maurice
D:10:     serial_shops, kennysheep_mini_moat, hangedman_little_slice_of_home,
          trog_book
D:11:     st_stairs_10, tgw_fedhas
D:12:     david_orc_4, special_room, uniq_urug
D:13:     ashenzari_altar_1, uniq_frances
D:14:     david_vaults_4, minmay_crystal_room, special_room
D:15:     gammafunk_enter_depths_forms, serial_shops,
          nicolae_shop_temple_entry_statues_fountains, minmay_tree_intersection
Temple:   nicolae_temple_hex_pool
Lair:1:   roderic_batcave, lemuel_fruit_tree, grunt_megastairs_1
Lair:2:   minmay_shoals_entry_centaurs, lab_entry_generic, serial_bayou_lagoon_a
Lair:3:   minmay_snake_entry_guardpost_small, grunt_forest_small_clearing_treed
Lair:4:   basic_altar, grunt_forest_small_clearings, grunt_megastairs_5,
          uniq_snorg
Lair:5:   slime_altar_1
Lair:6:   hangedman_lair_in_review, serial_bayou_lagoon_b,
          infiniplex_staircase_pool_2
Snake:1:  serial_bayou_shore_b
Snake:2:  uniq_kirke
Snake:3:  portal_ice_cave_entry_pillars_four
Snake:4:  snake_pit_salamanders_mu, basic_altar, serial_shops, freezing_bzr
Orc:1:    serial_shops, nicolae_orc_stony_grotto
Orc:2:    st_orc_rangers
Lab:      labyrinth_hidden_loot
Bazaar:   bazaar_minmay_generic_island
Sewer:    sewer_minmay_w
IceCv:    ice_cave_caverns_02

Skill      XL: |  1  2  3  4  5  6  7  8  9 10 11 12 13 14 15 16 17 |
---------------+----------------------------------------------------+-----
Conjurations   | 1 2 3 4 5 6 7 8 9 10 | 10.2
Fire Magic     | 3 4 5 6 7 8 9 10 | 10.9
Spellcasting   | 3 4 5 6 7 8 9 10 11 | 11.4
Shields        | 1 2 3 5 6 7 8 9 |  9.3
Long Blades    | 2 4 5 7 9 10 11 12 13 | 13.5
Fighting       | 1 3 5 6 7 8 9 |  9.0
Armour         | 1 3 4 5 6 7 |  7.5
Dodging        | 2 3 5 6 7 |  7.7
Earth Magic    | 1 3 4 |  4.2
Charms         | 1 3 |  3.0
Stealth        | |  1.5

Action                   |  1- 3 |  4- 6 |  7- 9 | 10-12 | 13-15 | 16-18 || total
-------------------------+-------+-------+-------+-------+-------+-------++-------
Melee: Spear             |    37 |    24 |     2 |       |       |       ||    63
       Unarmed           |     1 |       |       |       |       |       ||     1
       Long sword        |       |       |   115 |   527 |  1128 |       ||  1770
       Double sword      |       |       |       |       |   300 |   770 ||  1070
 Cast: Flame Tongue      |    51 |   176 |   278 |       |       |       ||   505
       Conjure Flame     |       |     1 |     8 |    10 |    38 |     5 ||    62
       Sticky Flame      |       |       |    34 |   202 |   217 |    35 ||   488
       Throw Flame       |       |       |       |    10 |       |       ||    10
       Fireball          |       |       |       |       |    74 |    58 ||   132
       Spectral Weapon   |       |       |       |       |       |    12 ||    12
Invok: Heroism           |       |       |     1 |     2 |     7 |    16 ||    26
       Finesse           |       |       |       |     1 |       |     3 ||     4
 Abil: Evoke Flight      |       |       |       |       |       |     1 ||     1
Evoke: Wand              |       |       |     2 |     5 |     3 |     1 ||    11
       Rod               |       |       |       |       |     2 |     2 ||     4
       Sack of spiders   |       |       |       |       |     3 |       ||     3
       Lamp of fire      |       |       |       |       |     1 |       ||     1
       Phial of floods   |       |       |       |       |       |     1 ||     1
  Use: Scroll            |     1 |     3 |     9 |    12 |    19 |     9 ||    53
 Stab: Sleeping          |     5 |       |       |     3 |    11 |     4 ||    23
       Distracted        |       |       |       |       |     2 |     2 ||     4
Armor: Robe              |     6 |    37 |    70 |       |       |       ||   113
       Troll leather arm |       |       |    44 |   234 |   352 |    88 ||   718
       Fire dragon armou |       |       |       |       |    40 |   169 ||   209
       Ring mail         |       |       |       |       |       |     5 ||     5
Dodge: Dodged            |    29 |   103 |   303 |   434 |   883 |   386 ||  2138
Block: Buckler           |       |    12 |    89 |   102 |       |       ||   203
       Shield            |       |       |       |   196 |   936 |   444 ||  1576
       Rpst.: Long sword |       |       |    69 |   118 |   186 |       ||   373
       Double sword      |       |       |       |       |    38 |    72 ||   110
